Rangers vs Golden Knights
Created - March 14, 2021 at 19:59
Goals
|
| Rangers |
3 |
1 |
0 |
0 |
2 |
5 |
| Golden Knights |
3 |
1 |
0 |
0 |
1 |
4 |
|
Shots
|
| Rangers |
10 |
4 |
5 |
2 |
4 |
21 |
| Golden Knights |
13 |
5 |
10 |
2 |
4 |
30 |
|
1st period
1. Rangers , Sean Couturier 22 (Milan Lucic 50, Ryan Strome 10) at 7:37
2. Golden Knights , Nathan Horton 12 (Ilya Kovalchuk 22) at 10:52 (SH)
3. Rangers , Sean Couturier 23 (Kyle Okposo 22, Luke Schenn 28) at 11:26 (PP)
4. Golden Knights , Andrei Loktionov 25 (Michael Frolik 38) at 16:15
5. Golden Knights , Ilya Kovalchuk 21 (Mathew Dumba 19, Matt Stajan 30) at 16:31 (PP)
6. Rangers , Patrice Bergeron 27 (Milan Lucic 51) at 19:05 (PP)
Penalties :
Shawn Matthias (Vgs) for Tripping (Minor) at 4:11, Dmitry Kulikov (NYR) for Hooking (Minor) at 7:44, Wayne Simmonds (Vgs) for Hooking (Minor) at 10:13, Vladimir Mihalik (Vgs) for Tripping (Minor) at 13:03, Luke Schenn (NYR) for Holding (Minor) at 16:24, Ilya Kovalchuk (Vgs) for Hooking (Minor) at 19:02
2nd period
7. Golden Knights , Thomas Vanek 13 (Michael Frolik 39, Sergei Plotnikov 18) at 0:32 (PP)
8. Rangers , Milan Lucic 33 (Ryan Strome 11, Luke Schenn 29) at 4:00
Penalties :
Luke Schenn (NYR) for Slashing (Minor) at 0:20, Kyle Okposo (NYR) for Hooking (Minor) at 8:14
3rd period
No Goal
Penalties :
Patrik Nemeth (NYR) for Roughing (Minor) at 1:44, Matt Stajan (Vgs) for Slashing (Minor) at 6:07, Maxime Sauvé (NYR) for Elbowing (Minor) at 9:29, Milan Lucic (NYR) for Tripping (Minor) at 9:54, Zach Bogosian (Vgs) for Roughing (Minor) at 15:02
Overtime #1
No Goal
Penalties :
No Penalty
Shootout
Rangers, Milan Lucic - Shot Misses the Net
Golden Knights, Michael Frolik - Stopped by Frederik Andersen
Rangers, Patrice Bergeron - Goal!
Golden Knights, Ilya Kovalchuk - Stopped by Frederik Andersen
Rangers, Sean Couturier - Stopped by Matt Hackett
Golden Knights, Andrei Loktionov - Goal!
Rangers, Tomas Hertl - Goal!
Golden Knights, Matt Stajan - Stopped by Frederik Andersen
Penalties :
No Penalty
Goalie Stats
Frederik Andersen (NYR), 26 saves from 30 shots - (0.867), W, 21-24-3, 65:00 minutes
Matt Hackett (Vgs), 17 saves from 21 shots - (0.810), OTL, 5-1-2, 65:00 minutes
Players Stats for Rangers
Player Name G A P +/- PIM S H SB GA TA FO MP PP MP PK MP
------------------------------------------------------------------------------------
Andrei Kostitsyn 0 0 0 -1 0 1 2 0 1 1 0/0 19:01 3:58 1:17
Cam Barker 0 0 0 0 0 0 1 0 1 0 0/0 24:32 3:02 4:23
Devante Smith-Pelly 0 0 0 0 0 1 1 0 1 0 0/0 9:39 0:00 0:00
Dmitry Kulikov 0 0 0 0 2 1 1 0 1 2 0/0 21:31 3:02 1:29
Kyle Okposo 0 1 1 -1 2 1 1 0 0 2 0/0 15:33 3:58 0:00
Luke Schenn 0 2 2 0 4 1 3 2 3 1 0/0 29:04 6:10 2:43
Magnus Paajarvi 0 0 0 0 0 0 0 0 0 0 1/1 9:38 0:00 0:39
Mark Fistric 0 0 0 1 0 2 0 1 0 1 0/0 17:25 0:00 3:44
Matt Delahey 0 0 0 0 0 0 0 0 0 0 0/0 11:59 0:00 0:18
Maxime Sauvé 0 0 0 0 2 0 1 0 0 1 2/8 13:07 0:00 3:38
Milan Lucic 1 2 3 1 2 2 3 0 2 0 1/1 23:01 5:14 3:56
Patrice Bergeron 1 0 1 0 0 2 2 0 2 0 6/15 19:12 5:14 0:00
Patrik Nemeth 0 0 0 0 2 0 0 0 0 0 0/0 15:35 0:00 4:43
Rostislav Olesz 0 0 0 0 0 0 1 0 1 0 0/0 9:18 0:00 0:00
Ryan Strome 0 2 2 1 0 1 2 0 0 0 1/2 19:36 5:14 0:00
Sean Couturier 2 0 2 0 0 5 2 0 0 1 9/28 21:49 3:58 4:08
Steve Quailer 0 0 0 0 0 1 1 0 0 1 1/1 10:23 0:00 1:11
Tomas Hertl 0 0 0 -1 0 3 0 0 1 0 3/6 19:16 6:10 0:56
Players Stats for Golden Knights
Player Name G A P +/- PIM S H SB GA TA FO MP PP MP PK MP
------------------------------------------------------------------------------------
Andrei Loktionov 1 0 1 1 0 5 1 0 0 2 15/23 19:11 0:34 4:56
Chris Tierney 0 0 0 -1 0 2 0 1 1 1 4/7 12:35 1:00 0:13
Ilya Kovalchuk 1 1 2 0 2 3 2 0 1 0 5/7 18:19 4:34 4:03
Jared Cowen 0 0 0 -1 0 1 0 1 0 3 0/0 23:50 4:19 4:30
Mathew Dumba 0 1 1 0 0 2 1 3 0 0 0/0 22:59 4:40 4:47
Matt Stajan 0 1 1 0 2 3 1 0 1 0 6/13 16:07 3:30 0:00
Michael Frolik 0 2 2 1 0 2 0 0 2 0 0/1 20:28 4:16 4:56
Michael Kostka 0 0 0 0 0 0 0 1 3 0 0/0 16:36 0:17 0:52
Nathan Horton 1 0 1 0 0 2 0 0 0 0 1/1 15:09 0:06 4:06
Patrice Cormier 0 0 0 -1 0 0 0 0 0 0 4/5 9:51 0:00 0:00
Sergei Plotnikov 0 1 1 1 0 0 1 0 0 1 2/3 16:40 4:16 0:10
Shawn Matthias 0 0 0 -1 2 0 2 1 0 0 0/0 12:00 0:36 0:00
Thomas Vanek 1 0 1 0 0 2 1 0 0 1 0/0 16:56 3:07 0:00
Vladimir Mihalik 0 0 0 1 2 2 0 1 0 3 0/0 21:18 0:00 3:50
Vladimir Zharkov 0 0 0 0 0 1 4 0 0 1 1/1 16:04 3:30 0:00
Wayne Simmonds 0 0 0 -1 2 0 0 0 1 0 0/1 10:24 0:48 0:00
Wes O'Neill 0 0 0 0 0 1 0 1 1 0 0/0 21:42 4:22 4:25
Zach Bogosian 0 0 0 0 2 4 0 1 0 1 0/0 20:33 3:25 0:00
3 Stars
1 - Sean Couturier (NYR)
2 - Milan Lucic (NYR)
3 - Ryan Strome (NYR)
Power Play
Rangers - 2 on 6 Attempt(s) - 33.33%
Golden Knights - 2 on 7 Attempt(s) - 28.57%
Penalty Kill
Rangers - 5 on 7 Attempt(s) - 71.43%
- Score 0 goal in Penalty Kill
Golden Knights - 4 on 6 Attempt(s) - 66.67%
- Score 1 goal in Penalty Kill
Team Stat
Rangers - Hits : 21 - Faceoff Wins : 24 - Blocked Shots : 3 - Penalty Minutes : 14
Golden Knights - Hits : 13 - Faceoff Wins : 38 - Blocked Shots : 10 - Penalty Minutes : 12
Official
Referees : Unknown
Linesman : Unknown
Game Notes
7:51 of 3rd period - Rangers goal is going for a video replay. After video review, No Goal. The puck has been kicked using a distinct kicking motion.
Finance
Level 1 -- Attendance: 6000 (100.00%) -- Ticket Income $558,000
Level 2 -- Attendance: 5000 (100.00%) -- Ticket Income $295,000
Level 3 -- Attendance: 1926 (96.30%) -- Ticket Income $75,114
Level 4 -- Attendance: 4000 (100.00%) -- Ticket Income $108,000
Luxury Box -- Attendance: 1000 (100.00%) -- Ticket Income $160,000
Game was played at the Duff Garden.
Total Attendance: 17926 (99.59%)
Total Ticket Income: $1,196,114
Other Income: $179,417
Total Income: $1,375,531
Rangers
5 vs 5 Forward
Center Left Wing Right Wing Time % Phy DF OF
1 Sean Couturier Milan Lucic Ryan Strome 40 1 2 2
2 Patrice Bergeron Andrei Kostitsyn Kyle Okposo 30 1 2 2
3 Tomas Hertl Rostislav Olesz Devante Smith-Pelly 20 1 2 2
4 Maxime Sauvé Magnus Paajarvi Steve Quailer 10 1 2 2
5 vs 5 Defense
Defense Defense Time % Phy DF OF
1 Luke Schenn Dmitry Kulikov 40 1 2 2
2 Cam Barker Mark Fistric 30 1 2 2
3 Patrik Nemeth Matt Delahey 20 1 2 2
4 Luke Schenn Cam Barker 10 1 2 2
PowerPlay Forward
Center Left Wing Right Wing Time % Phy DF OF
1 Patrice Bergeron Milan Lucic Ryan Strome 60 1 2 2
2 Sean Couturier Andrei Kostitsyn Kyle Okposo 40 1 2 2
PowerPlay Defense
Defense Defense Time % Phy DF OF
1 Luke Schenn Tomas Hertl 60 1 2 2
2 Cam Barker Dmitry Kulikov 40 1 2 2
Penalty Kill 4 Players Forward
Center Wing Time % Phy DF OF
1 Maxime Sauvé Milan Lucic 60 1 2 2
2 Sean Couturier Steve Quailer 40 1 2 2
Penalty Kill 4 Players Defense
Defense Defense Time % Phy DF OF
1 Cam Barker Patrik Nemeth 60 1 2 2
2 Luke Schenn Mark Fistric 40 1 2 2
Penalty Kill - 3 Players Forward
Forward Time % Phy DF OF
1 Maxime Sauvé 60 1 2 2
2 Sean Couturier 40 1 2 2
Penalty Kill - 3 Players Defense
Defense Defense Time % Phy DF OF
1 Cam Barker Patrik Nemeth 60 1 2 2
2 Luke Schenn Mark Fistric 40 1 2 2
4 vs 4 Forward
Center Wing Time % Phy DF OF
1 Tomas Hertl Ryan Strome 60 1 2 2
2 Patrice Bergeron Milan Lucic 40 1 2 2
4 vs 4 Defense
Defense Defense Time % Phy DF OF
1 Luke Schenn Dmitry Kulikov 60 1 2 2
2 Cam Barker Mark Fistric 40 1 2 2
Last Minutes Offensive
Center Left Wing Right Wing Defense Defense
Milan Lucic Patrice Bergeron Sean Couturier Mark Fistric Dmitry Kulikov
Last Minutes Defensive
Center Left Wing Right Wing Defense Defense
Milan Lucic Patrice Bergeron Sean Couturier Mark Fistric Dmitry Kulikov
Goaltenders
Starting : Frederik Andersen
Backup : Mike Condon
Extra Forwards
Normal : Milan Lucic, Patrice Bergeron, Sean Couturier - PP : Milan Lucic, Patrice Bergeron - PK : Sean Couturier
Extra Defensemen
Normal : Cam Barker, Mark Fistric, Luke Schenn - PP : Cam Barker - PK : Mark Fistric, Luke Schenn
Penalty Shots
Milan Lucic, Patrice Bergeron, Sean Couturier, Tomas Hertl, Maxime Sauvé
Scratches
Chris Bourque (Healthy)
Golden Knights
5 vs 5 Forward
Center Left Wing Right Wing Time % Phy DF OF
1 Andrei Loktionov Sergei Plotnikov Michael Frolik 30 1 2 2
2 Matt Stajan Thomas Vanek Vladimir Zharkov 27 1 2 2
3 Patrice Cormier Ilya Kovalchuk Wayne Simmonds 23 1 2 2
4 Chris Tierney Shawn Matthias Nathan Horton 20 1 2 2
5 vs 5 Defense
Defense Defense Time % Phy DF OF
1 Wes O'Neill Michael Kostka 35 1 2 2
2 Vladimir Mihalik Zach Bogosian 35 1 2 2
3 Mathew Dumba Jared Cowen 30 1 2 2
4 Zach Bogosian Jared Cowen 0 1 2 2
PowerPlay Forward
Center Left Wing Right Wing Time % Phy DF OF
1 Matt Stajan Ilya Kovalchuk Vladimir Zharkov 50 1 2 2
2 Sergei Plotnikov Thomas Vanek Michael Frolik 50 1 2 2
PowerPlay Defense
Defense Defense Time % Phy DF OF
1 Zach Bogosian Jared Cowen 50 1 2 2
2 Wes O'Neill Mathew Dumba 50 1 2 2
Penalty Kill 4 Players Forward
Center Wing Time % Phy DF OF
1 Ilya Kovalchuk Nathan Horton 50 1 2 2
2 Andrei Loktionov Michael Frolik 50 1 2 2
Penalty Kill 4 Players Defense
Defense Defense Time % Phy DF OF
1 Wes O'Neill Jared Cowen 50 1 2 2
2 Vladimir Mihalik Mathew Dumba 50 1 2 2
Penalty Kill - 3 Players Forward
Forward Time % Phy DF OF
1 Ilya Kovalchuk 60 1 2 2
2 Michael Frolik 40 1 2 2
Penalty Kill - 3 Players Defense
Defense Defense Time % Phy DF OF
1 Vladimir Mihalik Jared Cowen 69 1 2 2
2 Michael Kostka Mathew Dumba 31 1 2 2
4 vs 4 Forward
Center Wing Time % Phy DF OF
1 Andrei Loktionov Shawn Matthias 60 1 2 2
2 Chris Tierney Nathan Horton 40 1 2 2
4 vs 4 Defense
Defense Defense Time % Phy DF OF
1 Mathew Dumba Michael Kostka 60 1 2 2
2 Vladimir Mihalik Jared Cowen 40 1 2 2
Last Minutes Offensive
Center Left Wing Right Wing Defense Defense
Andrei Loktionov Ilya Kovalchuk Vladimir Zharkov Zach Bogosian Mathew Dumba
Last Minutes Defensive
Center Left Wing Right Wing Defense Defense
Matt Stajan Sergei Plotnikov Michael Frolik Jared Cowen Vladimir Mihalik
Goaltenders
Starting : Matt Hackett
Backup : Ondrej Pavelec
Extra Forwards
Normal : Chris Tierney, Nathan Horton, Thomas Vanek - PP : Chris Tierney, Vladimir Zharkov - PK : Nathan Horton
Extra Defensemen
Normal : Vladimir Mihalik, Mathew Dumba, Michael Kostka - PP : Vladimir Mihalik - PK : Jared Cowen, Michael Kostka
Penalty Shots
Michael Frolik, Ilya Kovalchuk, Andrei Loktionov, Matt Stajan, Wayne Simmonds
Scratches
None
% Time on Ice - Rangers
Lines # - Real PCT - Wanted PCT - Time Play
Normal Forward
1 - 36% - 40% - 15:12
2 - 28% - 30% - 11:46
3 - 20% - 20% - 8:20
4 - 16% - 10% - 6:50
Normal Defense
1 - 37% - 40% - 15:40
2 - 29% - 30% - 12:02
3 - 24% - 20% - 10:12
4 - 10% - 10% - 4:14
PP Forward
1 - 57% - 60% - 5:14
2 - 43% - 40% - 3:58
PP Defense
1 - 67% - 60% - 6:10
2 - 33% - 40% - 3:02
PK Forward
1 - 83% - 60% - 5:55
2 - 17% - 40% - 1:11
PK Defense
1 - 74% - 60% - 5:17
2 - 26% - 40% - 1:49
PK3 Forward
1 - 100% - 60% - 1:34
2 - 0% - 40% - 0:00
PK3 Defense
1 - 66% - 60% - 1:02
2 - 34% - 40% - 0:32
44 Forward
1 - 86% - 60% - 4:17
2 - 14% - 40% - 0:43
44 Defense
1 - 52% - 60% - 2:35
2 - 48% - 40% - 2:25
Last Minute Offensive - 0:00
Last Minute Defensive - 0:00
Total
Forward - 65:00
Defense - 65:00
|
% Time on Ice - Golden Knights
Lines # - Real PCT - Wanted PCT - Time Play
Normal Forward
1 - 27% - 30% - 11:19
2 - 27% - 27% - 11:34
3 - 24% - 23% - 10:00
4 - 22% - 20% - 9:15
Normal Defense
1 - 34% - 35% - 14:17
2 - 36% - 35% - 15:13
3 - 29% - 30% - 12:02
4 - 1% - 0% - 0:36
PP Forward
1 - 41% - 50% - 3:34
2 - 59% - 50% - 5:06
PP Defense
1 - 39% - 50% - 3:25
2 - 61% - 50% - 5:15
PK Forward
1 - 46% - 50% - 4:16
2 - 54% - 50% - 4:56
PK Defense
1 - 48% - 50% - 4:25
2 - 52% - 50% - 4:47
PK3 Forward
1 - 0% - 60%
2 - 0% - 40%
PK3 Defense
1 - 0% - 69%
2 - 0% - 31%
44 Forward
1 - 92% - 60% - 4:35
2 - 8% - 40% - 0:25
44 Defense
1 - 66% - 60% - 3:18
2 - 34% - 40% - 1:42
Last Minute Offensive - 0:00
Last Minute Defensive - 0:00
Total
Forward - 65:00
Defense - 65:00
|
Play-by-Play
1st period
0:01 of 1st period - Andrei Loktionov wins face-off versus Sean Couturier in neutral zone.
0:08 of 1st period - Wrist shot by Andrei Loktionov.
0:08 of 1st period - Stopped by Frederik Andersen without a rebound.
0:09 of 1st period - Andrei Loktionov wins face-off versus Sean Couturier in Rangers zone.
0:22 of 1st period - Wrist shot by Andrei Loktionov.
0:22 of 1st period - Stopped by Frederik Andersen without a rebound.
0:23 of 1st period - Matt Stajan wins face-off versus Patrice Bergeron in Rangers zone.
1:15 of 1st period - Wrist shot by Shawn Matthias.
1:15 of 1st period - Shot Misses the Net.
1:35 of 1st period - Snap shot by Milan Lucic.
1:35 of 1st period - Stopped by Matt Hackett with a rebound.
2:25 of 1st period - Snap shot by Patrice Cormier.
2:25 of 1st period - Shot Misses the Net.
2:27 of 1st period - Snap shot by Ilya Kovalchuk.
2:27 of 1st period - Stopped by Frederik Andersen without a rebound.
2:28 of 1st period - Nathan Horton wins face-off versus Sean Couturier in Rangers zone.
2:43 of 1st period - Wrist shot by Milan Lucic.
2:43 of 1st period - Shot Misses the Net.
3:16 of 1st period - Wrist shot by Matt Stajan.
3:16 of 1st period - Stopped by Frederik Andersen with a rebound.
3:42 of 1st period - Wrist shot by Wayne Simmonds.
3:42 of 1st period - Shot Misses the Net.
3:51 of 1st period - Icing by Mark Fistric.
3:52 of 1st period - Chris Tierney wins face-off versus Maxime Sauvé in Rangers zone.
4:01 of 1st period - Snap shot by Steve Quailer.
4:01 of 1st period - Shot Misses the Net.
4:03 of 1st period - Wrist shot by Steve Quailer.
4:03 of 1st period - Stopped by Matt Hackett with a rebound.
4:05 of 1st period - Snap shot by Mark Fistric.
4:05 of 1st period - Stopped by Matt Hackett with a rebound.
4:07 of 1st period - Slapshot by Maxime Sauvé.
4:07 of 1st period - Deflect By Magnus Paajarvi.
4:07 of 1st period - Shot Misses the Net.
4:07 of 1st period - Puck is out of play.
4:08 of 1st period - Sean Couturier wins face-off versus Chris Tierney in Golden Knights zone.
4:09 of 1st period - Wrist shot by Milan Lucic.
4:09 of 1st period - Shot Blocked by Michael Kostka.
4:11 of 1st period - Minor Penalty to Shawn Matthias for Tripping.
4:12 of 1st period - Patrice Bergeron wins face-off versus Ilya Kovalchuk in Golden Knights zone.
4:21 of 1st period - Wrist shot by Patrice Bergeron.
4:21 of 1st period - Deflect By Ilya Kovalchuk.
4:21 of 1st period - Shot Misses the Net.
4:21 of 1st period - Puck is out of play.
4:22 of 1st period - Ilya Kovalchuk wins face-off versus Patrice Bergeron in Golden Knights zone.
4:30 of 1st period - Off-side.
4:31 of 1st period - Ryan Strome wins face-off versus Andrei Loktionov in neutral zone.
4:40 of 1st period - Luke Schenn is hit by Andrei Loktionov and loses puck.
4:57 of 1st period - Snap shot by Sean Couturier.
4:57 of 1st period - Stopped by Matt Hackett with a rebound.
5:25 of 1st period - Ilya Kovalchuk is hit by Milan Lucic and loses puck.
6:00 of 1st period - Mathew Dumba is hit by Ryan Strome and loses puck.
6:11 of 1st period - Penalty to Shawn Matthias is over, Shawn Matthias is back on ice.
6:23 of 1st period - Michael Kostka is hit by Maxime Sauvé and loses puck.
6:44 of 1st period - Zach Bogosian is hit by Cam Barker and loses puck.
7:27 of 1st period - Icing by Matt Stajan.
7:28 of 1st period - Chris Tierney wins face-off versus Sean Couturier in Golden Knights zone.
7:35 of 1st period - Slapshot by Milan Lucic.
7:35 of 1st period - Shot Misses the Net.
7:37 of 1st period - Snap shot by Sean Couturier.
7:37 of 1st period - Goal by Sean Couturier - Rangers : 1 - Golden Knights : 0.
7:38 of 1st period - Sean Couturier wins face-off versus Andrei Loktionov in neutral zone.
7:44 of 1st period - Minor Penalty to Dmitry Kulikov for Hooking.
7:45 of 1st period - Matt Stajan wins face-off versus Maxime Sauvé in Rangers zone.
9:30 of 1st period - Mark Fistric is hit by Ilya Kovalchuk and loses puck.
9:44 of 1st period - Penalty to Dmitry Kulikov is over, Dmitry Kulikov is back on ice.
9:47 of 1st period - Dmitry Kulikov is hit by Shawn Matthias and loses puck.
10:00 of 1st period - Snap shot by Patrice Bergeron.
10:00 of 1st period - Shot Blocked by Zach Bogosian.
10:02 of 1st period - Slapshot by Dmitry Kulikov.
10:02 of 1st period - Shot Blocked by Chris Tierney.
10:06 of 1st period - Wrist shot by Patrice Bergeron.
10:06 of 1st period - Shot Blocked by Jared Cowen.
10:08 of 1st period - Backhand shot by Dmitry Kulikov.
10:08 of 1st period - Shot Misses the Net.
10:10 of 1st period - Slapshot by Luke Schenn.
10:10 of 1st period - Stopped by Matt Hackett without a rebound.
10:11 of 1st period - Patrice Cormier wins face-off versus Tomas Hertl in Golden Knights zone.
10:13 of 1st period - Minor Penalty to Wayne Simmonds for Hooking.
10:14 of 1st period - Patrice Bergeron wins face-off versus Andrei Loktionov in Golden Knights zone.
10:52 of 1st period - Slapshot by Nathan Horton.
10:52 of 1st period - Goal by Nathan Horton - Rangers : 1 - Golden Knights : 1.
10:53 of 1st period - Ilya Kovalchuk wins face-off versus Patrice Bergeron in neutral zone.
11:12 of 1st period - Off-side.
11:13 of 1st period - Andrei Loktionov wins face-off versus Sean Couturier in neutral zone.
11:16 of 1st period - Slapshot by Michael Frolik.
11:16 of 1st period - Stopped by Frederik Andersen with a rebound.
11:24 of 1st period - Wrist shot by Kyle Okposo.
11:24 of 1st period - Shot Misses the Net.
11:26 of 1st period - Wrist shot by Sean Couturier.
11:26 of 1st period - Goal by Sean Couturier - Rangers : 2 - Golden Knights : 1.
11:27 of 1st period - Sean Couturier wins face-off versus Andrei Loktionov in neutral zone.
11:54 of 1st period - Vladimir Zharkov is hit by Kyle Okposo and loses puck.
12:06 of 1st period - Icing by Andrei Kostitsyn.
12:07 of 1st period - Andrei Loktionov wins face-off versus Patrice Bergeron in Rangers zone.
12:39 of 1st period - Slapshot by Jared Cowen.
12:39 of 1st period - Stopped by Frederik Andersen with a rebound.
12:41 of 1st period - Slapshot by Mathew Dumba.
12:41 of 1st period - Stopped by Frederik Andersen with a rebound.
12:43 of 1st period - Snap shot by Ilya Kovalchuk.
12:43 of 1st period - Stopped by Frederik Andersen without a rebound.
12:44 of 1st period - Tomas Hertl wins face-off versus Matt Stajan in Rangers zone.
12:44 of 1st period - Tomas Hertl is hit by Vladimir Zharkov.
13:00 of 1st period - Slapshot by Rostislav Olesz.
13:00 of 1st period - Deflect By Devante Smith-Pelly.
13:00 of 1st period - Stopped by Matt Hackett without a rebound.
13:01 of 1st period - Andrei Loktionov wins face-off versus Sean Couturier in Golden Knights zone.
13:03 of 1st period - Minor Penalty to Vladimir Mihalik for Tripping.
13:04 of 1st period - Ilya Kovalchuk wins face-off versus Patrice Bergeron in Golden Knights zone.
13:30 of 1st period - Michael Frolik is hit by Sean Couturier and loses puck.
13:35 of 1st period - Wrist shot by Sean Couturier.
13:35 of 1st period - Stopped by Matt Hackett with a rebound.
14:27 of 1st period - Michael Frolik is hit by Luke Schenn and loses puck.
15:03 of 1st period - Penalty to Vladimir Mihalik is over, Vladimir Mihalik is back on ice.
15:05 of 1st period - Off-side.
15:06 of 1st period - Maxime Sauvé wins face-off versus Matt Stajan in neutral zone.
15:48 of 1st period - Thomas Vanek is hit by Steve Quailer.
16:13 of 1st period - Backhand shot by Matt Stajan.
16:13 of 1st period - Stopped by Frederik Andersen without a rebound.
16:14 of 1st period - Andrei Loktionov wins face-off versus Sean Couturier in Rangers zone.
16:15 of 1st period - Wrist shot by Michael Frolik.
16:15 of 1st period - Deflect By Andrei Loktionov.
16:15 of 1st period - Goal by Andrei Loktionov - Rangers : 2 - Golden Knights : 2.
16:16 of 1st period - Andrei Loktionov wins face-off versus Sean Couturier in neutral zone.
16:24 of 1st period - Minor Penalty to Luke Schenn for Holding.
16:25 of 1st period - Matt Stajan wins face-off versus Maxime Sauvé in Rangers zone.
16:29 of 1st period - Wrist shot by Matt Stajan.
16:29 of 1st period - Stopped by Frederik Andersen with a rebound.
16:31 of 1st period - Slapshot by Mathew Dumba.
16:31 of 1st period - Deflect By Ilya Kovalchuk.
16:31 of 1st period - Goal by Ilya Kovalchuk - Rangers : 2 - Golden Knights : 3.
16:32 of 1st period - Sean Couturier wins face-off versus Andrei Loktionov in neutral zone.
16:37 of 1st period - Andrei Loktionov is hit by Luke Schenn and loses puck.
17:44 of 1st period - Off-side.
17:45 of 1st period - Patrice Cormier wins face-off versus Patrice Bergeron in neutral zone.
18:12 of 1st period - Tomas Hertl is hit by Sergei Plotnikov and loses puck.
19:02 of 1st period - Minor Penalty to Ilya Kovalchuk for Hooking.
19:03 of 1st period - Patrice Bergeron wins face-off versus Chris Tierney in Golden Knights zone.
19:05 of 1st period - Snap shot by Patrice Bergeron.
19:05 of 1st period - Goal by Patrice Bergeron - Rangers : 3 - Golden Knights : 3.
19:06 of 1st period - Andrei Loktionov wins face-off versus Sean Couturier in neutral zone.
Goals for this period are 3 for Rangers vs 3 for Golden Knights.
Shots for this period are 10 for Rangers vs 13 for Golden Knights.
2nd period
0:01 of 2nd period - Andrei Loktionov wins face-off versus Sean Couturier in neutral zone.
0:07 of 2nd period - Off-side.
0:08 of 2nd period - Milan Lucic wins face-off versus Andrei Loktionov in neutral zone.
0:20 of 2nd period - Minor Penalty to Luke Schenn for Slashing.
0:21 of 2nd period - Sergei Plotnikov wins face-off versus Maxime Sauvé in Rangers zone.
0:32 of 2nd period - Snap shot by Thomas Vanek.
0:32 of 2nd period - Goal by Thomas Vanek - Rangers : 3 - Golden Knights : 4.
0:33 of 2nd period - Patrice Cormier wins face-off versus Sean Couturier in neutral zone.
0:48 of 2nd period - Slapshot by Michael Kostka.
0:48 of 2nd period - Shot Misses the Net.
1:13 of 2nd period - Snap shot by Andrei Kostitsyn.
1:13 of 2nd period - Shot Blocked by Wes O'Neill.
2:34 of 2nd period - Slapshot by Jared Cowen.
2:34 of 2nd period - Shot Blocked by Luke Schenn.
2:36 of 2nd period - Wrist shot by Nathan Horton.
2:36 of 2nd period - Shot Misses the Net.
2:38 of 2nd period - Slapshot by Mathew Dumba.
2:38 of 2nd period - Stopped by Frederik Andersen without a rebound.
2:39 of 2nd period - Tomas Hertl wins face-off versus Andrei Loktionov in Rangers zone.
2:48 of 2nd period - Slapshot by Rostislav Olesz.
2:48 of 2nd period - Deflect By Tomas Hertl.
2:48 of 2nd period - Shot Misses the Net.
2:48 of 2nd period - Puck is out of play.
2:49 of 2nd period - Tomas Hertl wins face-off versus Sergei Plotnikov in Golden Knights zone.
3:02 of 2nd period - Snap shot by Michael Frolik.
3:02 of 2nd period - Stopped by Frederik Andersen with a rebound.
3:23 of 2nd period - Wrist shot by Tomas Hertl.
3:23 of 2nd period - Stopped by Matt Hackett without a rebound.
3:24 of 2nd period - Sean Couturier wins face-off versus Patrice Cormier in Golden Knights zone.
3:25 of 2nd period - Wrist shot by Milan Lucic.
3:25 of 2nd period - Shot Blocked by Mathew Dumba.
3:27 of 2nd period - Wrist shot by Sean Couturier.
3:27 of 2nd period - Stopped by Matt Hackett without a rebound.
3:28 of 2nd period - Patrice Cormier wins face-off versus Sean Couturier in Golden Knights zone.
3:47 of 2nd period - Jared Cowen is hit by Milan Lucic and loses puck.
4:00 of 2nd period - Wrist shot by Ryan Strome.
4:00 of 2nd period - Deflect By Milan Lucic.
4:00 of 2nd period - Goal by Milan Lucic - Rangers : 4 - Golden Knights : 4.
4:01 of 2nd period - Matt Stajan wins face-off versus Patrice Bergeron in neutral zone.
4:04 of 2nd period - Wrist shot by Zach Bogosian.
4:04 of 2nd period - Stopped by Frederik Andersen with a rebound.
4:06 of 2nd period - Snap shot by Vladimir Mihalik.
4:06 of 2nd period - Deflect By Patrice Bergeron.
4:06 of 2nd period - Stopped by Frederik Andersen without a rebound.
4:07 of 2nd period - Patrice Bergeron wins face-off versus Matt Stajan in Rangers zone.
4:24 of 2nd period - Vladimir Mihalik is hit by Patrice Bergeron and loses puck.
4:33 of 2nd period - Snap shot by Kyle Okposo.
4:33 of 2nd period - Stopped by Matt Hackett with a rebound.
4:51 of 2nd period - Kyle Okposo is hit by Thomas Vanek and loses puck.
5:24 of 2nd period - Patrice Bergeron is hit by Matt Stajan.
5:46 of 2nd period - Matt Stajan is hit by Andrei Kostitsyn.
5:54 of 2nd period - Zach Bogosian is hit by Patrice Bergeron and loses puck.
8:14 of 2nd period - Minor Penalty to Kyle Okposo for Hooking.
8:15 of 2nd period - Sergei Plotnikov wins face-off versus Maxime Sauvé in Rangers zone.
8:28 of 2nd period - Slapshot by Mathew Dumba.
8:28 of 2nd period - Shot Blocked by Mark Fistric.
10:14 of 2nd period - Penalty to Kyle Okposo is over, Kyle Okposo is back on ice.
12:24 of 2nd period - Sean Couturier is hit by Mathew Dumba and loses puck.
19:59 of 2nd period - Jared Cowen is hit by Ryan Strome and loses puck.
Goals for this period are 1 for Rangers vs 1 for Golden Knights.
Shots for this period are 4 for Rangers vs 5 for Golden Knights.
3rd period
0:01 of 3rd period - Andrei Loktionov wins face-off versus Sean Couturier in neutral zone.
0:08 of 3rd period - Snap shot by Michael Frolik.
0:08 of 3rd period - Shot Misses the Net.
0:10 of 3rd period - Wrist shot by Sergei Plotnikov.
0:10 of 3rd period - Shot Misses the Net.
0:26 of 3rd period - Vladimir Zharkov is hit by Luke Schenn.
1:07 of 3rd period - Slapshot by Zach Bogosian.
1:07 of 3rd period - Stopped by Frederik Andersen with a rebound.
1:17 of 3rd period - Snap shot by Steve Quailer.
1:17 of 3rd period - Shot Misses the Net.
1:44 of 3rd period - Minor Penalty to Patrik Nemeth for Roughing.
1:45 of 3rd period - Matt Stajan wins face-off versus Maxime Sauvé in Rangers zone.
1:46 of 3rd period - Wrist shot by Vladimir Zharkov.
1:46 of 3rd period - Stopped by Frederik Andersen without a rebound.
1:47 of 3rd period - Maxime Sauvé wins face-off versus Matt Stajan in Rangers zone.
2:00 of 3rd period - Mathew Dumba is hit by Milan Lucic and loses puck.
3:44 of 3rd period - Penalty to Patrik Nemeth is over, Patrik Nemeth is back on ice.
5:56 of 3rd period - Michael Kostka is hit by Devante Smith-Pelly and loses puck.
6:07 of 3rd period - Minor Penalty to Matt Stajan for Slashing.
6:08 of 3rd period - Andrei Loktionov wins face-off versus Ryan Strome in Golden Knights zone.
6:35 of 3rd period - Kyle Okposo is hit by Ilya Kovalchuk and loses puck.
6:55 of 3rd period - Icing by Ryan Strome.
6:56 of 3rd period - Ilya Kovalchuk wins face-off versus Patrice Bergeron in Rangers zone.
7:06 of 3rd period - Icing by Patrice Bergeron.
7:07 of 3rd period - Andrei Loktionov wins face-off versus Sean Couturier in Rangers zone.
7:33 of 3rd period - Icing by Tomas Hertl.
7:34 of 3rd period - Patrice Bergeron wins face-off versus Michael Frolik in Rangers zone.
7:45 of 3rd period - Wrist shot by Milan Lucic.
7:45 of 3rd period - Shot Blocked by Mathew Dumba.
7:47 of 3rd period - Slapshot by Tomas Hertl.
7:47 of 3rd period - Stopped by Matt Hackett with a rebound.
7:49 of 3rd period - Slapshot by Luke Schenn.
7:49 of 3rd period - Shot Misses the Net.
7:51 of 3rd period - Slapshot by Tomas Hertl.
7:51 of 3rd period - Rangers goal is going for a video replay.
7:51 of 3rd period - The goal is refused. The puck has been kicked using a distinct kicking motion..
7:52 of 3rd period - Ilya Kovalchuk wins face-off versus Sean Couturier in Golden Knights zone.
8:07 of 3rd period - Penalty to Matt Stajan is over, Matt Stajan is back on ice.
9:24 of 3rd period - Snap shot by Chris Tierney.
9:24 of 3rd period - Shot Misses the Net.
9:26 of 3rd period - Snap shot by Chris Tierney.
9:26 of 3rd period - Stopped by Frederik Andersen without a rebound.
9:27 of 3rd period - Steve Quailer wins face-off versus Matt Stajan in Rangers zone.
9:29 of 3rd period - Minor Penalty to Maxime Sauvé for Elbowing.
9:30 of 3rd period - Matt Stajan wins face-off versus Sean Couturier in Rangers zone.
9:30 of 3rd period - Slapshot by Zach Bogosian.
9:30 of 3rd period - Stopped by Frederik Andersen without a rebound.
9:31 of 3rd period - Sean Couturier wins face-off versus Matt Stajan in Rangers zone.
9:54 of 3rd period - Minor Penalty to Milan Lucic for Tripping.
9:55 of 3rd period - Vladimir Zharkov wins face-off versus Sean Couturier in Rangers zone.
10:32 of 3rd period - Slapshot by Wes O'Neill.
10:32 of 3rd period - Shot Misses the Net.
11:29 of 3rd period - Penalty to Maxime Sauvé is over, Maxime Sauvé is back on ice.
11:36 of 3rd period - Wrist shot by Andrei Kostitsyn.
11:36 of 3rd period - Stopped by Matt Hackett with a rebound.
11:54 of 3rd period - Penalty to Milan Lucic is over, Milan Lucic is back on ice.
11:56 of 3rd period - Chris Tierney is hit by Andrei Kostitsyn and loses puck.
12:13 of 3rd period - Wrist shot by Rostislav Olesz.
12:13 of 3rd period - Shot Blocked by Shawn Matthias.
12:15 of 3rd period - Backhand shot by Mark Fistric.
12:15 of 3rd period - Stopped by Matt Hackett without a rebound.
12:16 of 3rd period - Chris Tierney wins face-off versus Sean Couturier in Golden Knights zone.
12:25 of 3rd period - Slapshot by Wes O'Neill.
12:25 of 3rd period - Stopped by Frederik Andersen with a rebound.
12:27 of 3rd period - Snap shot by Nathan Horton.
12:27 of 3rd period - Stopped by Frederik Andersen with a rebound.
12:55 of 3rd period - Tomas Hertl is hit by Vladimir Zharkov and loses puck.
13:10 of 3rd period - Slapshot by Dmitry Kulikov.
13:10 of 3rd period - Shot Misses the Net.
13:20 of 3rd period - Wrist shot by Steve Quailer.
13:20 of 3rd period - Shot Blocked by Mathew Dumba.
13:34 of 3rd period - Wrist shot by Chris Tierney.
13:34 of 3rd period - Stopped by Frederik Andersen with a rebound.
13:54 of 3rd period - Snap shot by Andrei Loktionov.
13:54 of 3rd period - Stopped by Frederik Andersen with a rebound.
14:14 of 3rd period - Matt Stajan is hit by Rostislav Olesz.
14:34 of 3rd period - Tomas Hertl is hit by Shawn Matthias and loses puck.
14:49 of 3rd period - Snap shot by Rostislav Olesz.
14:49 of 3rd period - Deflect By Devante Smith-Pelly.
14:49 of 3rd period - Shot Blocked by Vladimir Mihalik.
14:49 of 3rd period - Puck is out of play.
14:50 of 3rd period - Sean Couturier wins face-off versus Andrei Loktionov in Golden Knights zone.
15:02 of 3rd period - Minor Penalty to Zach Bogosian for Roughing.
15:03 of 3rd period - Patrice Bergeron wins face-off versus Ilya Kovalchuk in Golden Knights zone.
15:13 of 3rd period - Wrist shot by Patrice Bergeron.
15:13 of 3rd period - Stopped by Matt Hackett without a rebound.
15:14 of 3rd period - Andrei Loktionov wins face-off versus Patrice Bergeron in Golden Knights zone.
16:47 of 3rd period - Wes O'Neill is hit by Sean Couturier and loses puck.
17:02 of 3rd period - Penalty to Zach Bogosian is over, Zach Bogosian is back on ice.
17:08 of 3rd period - Snap shot by Matt Stajan.
17:08 of 3rd period - Shot Misses the Net.
17:12 of 3rd period - Snap shot by Vladimir Zharkov.
17:12 of 3rd period - Deflect By Thomas Vanek.
17:12 of 3rd period - Shot Misses the Net.
17:12 of 3rd period - Puck is out of play.
17:13 of 3rd period - Magnus Paajarvi wins face-off versus Matt Stajan in Rangers zone.
17:22 of 3rd period - Patrik Nemeth is hit by Vladimir Zharkov and loses puck.
17:31 of 3rd period - Steve Quailer is hit by Vladimir Zharkov and loses puck.
19:43 of 3rd period - Slapshot by Zach Bogosian.
19:43 of 3rd period - Stopped by Frederik Andersen with a rebound.
19:45 of 3rd period - Slapshot by Chris Tierney.
19:45 of 3rd period - Deflect By Nathan Horton.
19:45 of 3rd period - Shot Misses the Net.
19:45 of 3rd period - Puck is out of play.
19:46 of 3rd period - Sean Couturier wins face-off versus Wayne Simmonds in Rangers zone.
19:57 of 3rd period - Wrist shot by Vladimir Mihalik.
19:57 of 3rd period - Stopped by Frederik Andersen without a rebound.
19:58 of 3rd period - Sean Couturier wins face-off versus Chris Tierney in Rangers zone.
Goals for this period are 0 for Rangers vs 0 for Golden Knights.
Shots for this period are 5 for Rangers vs 10 for Golden Knights.
Overtime #1
0:01 of 1st overtime period - Andrei Loktionov wins face-off versus Tomas Hertl in neutral zone.
0:06 of 1st overtime period - Snap shot by Michael Kostka.
0:06 of 1st overtime period - Deflect By Andrei Loktionov.
0:06 of 1st overtime period - Stopped by Frederik Andersen without a rebound.
0:07 of 1st overtime period - Andrei Loktionov wins face-off versus Tomas Hertl in Rangers zone.
0:16 of 1st overtime period - Wrist shot by Shawn Matthias.
0:16 of 1st overtime period - Shot Blocked by Luke Schenn.
0:22 of 1st overtime period - Snap shot by Luke Schenn.
0:22 of 1st overtime period - Deflect By Ryan Strome.
0:22 of 1st overtime period - Stopped by Matt Hackett with a rebound.
1:22 of 1st overtime period - Snap shot by Thomas Vanek.
1:22 of 1st overtime period - Stopped by Frederik Andersen with a rebound.
1:46 of 1st overtime period - Slapshot by Dmitry Kulikov.
1:46 of 1st overtime period - Deflect By Jared Cowen.
1:46 of 1st overtime period - Stopped by Matt Hackett without a rebound.
1:47 of 1st overtime period - Chris Tierney wins face-off versus Sean Couturier in Golden Knights zone.
2:36 of 1st overtime period - Nathan Horton is hit by Dmitry Kulikov and loses puck.
Goals for this period are 0 for Rangers vs 0 for Golden Knights.
Shots for this period are 2 for Rangers vs 2 for Golden Knights.
ShootOut
5:00 of 1st overtime period - Round #1.
5:00 of 1st overtime period - Rangers, Milan Lucic.
5:00 of 1st overtime period - Wrist shot by Milan Lucic.
5:00 of 1st overtime period - Shot Misses the Net.
5:00 of 1st overtime period - Golden Knights, Michael Frolik.
5:00 of 1st overtime period - Backhand shot by Michael Frolik.
5:00 of 1st overtime period - Stopped by Frederik Andersen.
5:00 of 1st overtime period - Round #2.
5:00 of 1st overtime period - Rangers, Patrice Bergeron.
5:00 of 1st overtime period - Wrist shot by Patrice Bergeron.
5:00 of 1st overtime period - Goal by Patrice Bergeron.
5:00 of 1st overtime period - Golden Knights, Ilya Kovalchuk.
5:00 of 1st overtime period - Deke by Ilya Kovalchuk.
5:00 of 1st overtime period - Stopped by Frederik Andersen.
5:00 of 1st overtime period - Round #3.
5:00 of 1st overtime period - Rangers, Sean Couturier.
5:00 of 1st overtime period - Deke by Sean Couturier.
5:00 of 1st overtime period - Stopped by Matt Hackett.
5:00 of 1st overtime period - Golden Knights, Andrei Loktionov.
5:00 of 1st overtime period - Deke by Andrei Loktionov.
5:00 of 1st overtime period - Goal by Andrei Loktionov.
5:00 of 1st overtime period - Round #4.
5:00 of 1st overtime period - Rangers, Tomas Hertl.
5:00 of 1st overtime period - Wrist shot by Tomas Hertl.
5:00 of 1st overtime period - Goal by Tomas Hertl.
5:00 of 1st overtime period - Golden Knights, Matt Stajan.
5:00 of 1st overtime period - Deke by Matt Stajan.
5:00 of 1st overtime period - Stopped by Frederik Andersen.
Output by the SimonT Hockey Simulator (STHS) for Francois Prevost